 Dungeon Crawl Stone Soup version 0.30.0-29-ga12c61a403 (webtiles) character file.

Game seed: 8285248538695809874

483 booth the Ducker (level 6, -1/48 HPs)
             Began as a Demonspawn Gladiator on June 14, 2023.
             Slain by an ice beast (7 damage)
             ... on level 4 of the Dungeon on June 15, 2023.
             The game lasted 00:17:41 (3197 turns).

booth the Ducker (Demonspawn Gladiator)             Turns: 3197, Time: 00:17:42

Health: -1/48      AC:  9    Str: 16    XL:     6   Next: 88%
Magic:  6/6        EV: 13    Int: 10    God:
Gold:   238        SH:  0    Dex: 14    Spells: 5/5 levels left

rFire   . . .        a - +1 war axe
rCold   . . .        (no shield)
rNeg    . . .        b - +0 leather armour
rPois   .            (helmet restricted)
rElec   .            (no cloak)
rCorr   .            (no gloves)
SInv    .            (no boots)
Will    .....        l - amulet of the acrobat
Stlth   +            (no ring)
HPRegen 0.28/turn    (no ring)
MPRegen 0.10/turn

%: acrobat
@: sanguine armoured
A: horns 1, powered by death 3, sanguine armour 1
a: no special abilities


You were on level 4 of the Dungeon.
You visited 1 branch of the dungeon, and saw 4 of its levels.

You collected 238 gold pieces.

Inventory:

Hand Weapons
 a - a +1 war axe (weapon)
 i - a +0 mace
Missiles
 d - 5 throwing nets (quivered)
 e - 4 javelins
 f - 3 atropa-tipped darts
 k - 2 poisoned darts
 r - 5 boomerangs
Armour
 b - a +0 leather armour (worn)
Jewellery
 l - an amulet of the acrobat (around neck)
 o - a ring of ice
 q - an amulet of faith
Scrolls
 c - a scroll of fear
 m - a scroll of magic mapping
 n - a scroll of fog
 p - 2 scrolls of teleportation
 s - a scroll of butterflies
Potions
 g - a potion of flight
 h - 2 potions of lignification
 j - a potion of attraction


   Skills:
 + Level 4.0 Fighting
 + Level 4.2 Axes
 + Level 3.7 Throwing
 + Level 4.2 Dodging


You had 5 spell levels left.
You didn't know any spells.
Your spell library contained the following spells:

 Spells                   Type           Power      Damage    Failure   Level
 Blink                    Tloc           0%         N/A       56%         2
 Lesser Beckoning         Tloc           0%         N/A       56%         2
 Momentum Strike          Conj/Tloc      0%         3d8       56%         2
 Dazzling Flash           Conj/Hex       0%         N/A       80%         3
 Agony                    Necr           0%         N/A       100%        5
 Silence                  Hex/Air        0%         N/A       100%        5
 Malign Gateway           Summ/Tloc      0%         N/A       100%        7
 Summon Horrible Things   Summ           0%         N/A       100%        8


Dungeon Overview and Level Annotations

Branches:
Dungeon (4/15)
 Temple: D:4-7

Altars:


Innate Abilities, Weirdness & Mutations

You have a pair of small horns on your head.
You regenerate a lot of health from kills.
When seriously injured, your blood forms armour. (AC +6)


Message History

The ice beast closely misses you.
You barely miss the ice beast. Your headbutt misses the ice beast.
The ice beast is moderately wounded.
The ice beast hits you but does no damage.
You closely miss the ice beast.
The ice beast is moderately wounded.
Your blood armour dries and flakes away.
The ice beast hits you.
Your blood congeals into armour.
The ice beast freezes you! The ice beast hits you. The ice beast freezes you!
* * * LOW HITPOINT WARNING * * *
You closely miss the ice beast. Your headbutt misses the ice beast.
The ice beast is moderately wounded.
The ice beast hits you but does no damage.
You completely miss the ice beast.
You headbutt the ice beast, but do no damage.
The ice beast is moderately wounded.
The ice beast barely misses you.
Throw: 4 darts (atropa)
Press: ? - help, Q - select action, (/) - cycle Shift-Dir - straight line, f - ice beast
Aim: an ice beast (moderately wounded, 62% to hit, chance to blind on hit: 51%)
You throw an atropa-tipped dart.
The atropa-tipped dart hits the ice beast!
The ice beast appears confused.
The ice beast is moderately wounded.
Found a stone staircase leading down.
The ice beast is no longer blind.
Found a plate armour.
The ice beast completely misses you.
You barely miss the ice beast. You headbutt the ice beast.
The ice beast is heavily wounded.
The ice beast misses you.
You hit the ice beast but do no damage.
The ice beast is heavily wounded.
The ice beast closely misses you. The ice beast barely misses you.
You hit the ice beast but do no damage. Your headbutt misses the ice beast.
The ice beast is heavily wounded.
The ice beast hits you.
* * * LOW HITPOINT WARNING * * *
The ice beast freezes you!
You die...

..[.#. ...#. .. .>.#. ##.
...### ####.!. ....# #... .
#.#.######.# .#
#.#........##.#
###..@Y..####.(.#
######....#....# #.###
#.........###..###.#
#........#####.....#
#######........#.........##
......)..........######...#
#######........### ##.!#
#........# #### #.....(..#


You could see an ice beast.

Vanquished Creatures
  An acid dragon (D:4)
  A scorpion (D:3)
  A bullfrog (D:4)
  3 orc priests (D:3)
  An orc wizard (D:3)
  4 adders
  5 worms
  2 dart slugs (D:1)
  7 orcs (D:3)
  8 ball pythons
  6 endoplasms
  3 giant cockroaches
  5 goblins
  8 hobgoblins
  2 quokkas
  8 bats
  A frilled lizard (D:2)
  10 kobolds
  7 rats
83 creatures vanquished.

Notes
Turn   | Place    | Note
-------+----------+-------------------------------------------
     0 | D:1      | booth the Demonspawn Gladiator began the quest for the Orb.
     0 | D:1      | Reached XP level 1. HP: 16/16 MP: 1/1
   194 | D:1      | Found a faded altar of an unknown god.
   367 | D:1      | Gained mutation: You have a pair of small horns on your
                  | head. [demonic ancestry]
   367 | D:1      | Reached XP level 2. HP: 22/22 MP: 2/2
  1387 | D:2      | Gained mutation: You regenerate a little health from kills.
                  | [demonic ancestry]
  1387 | D:2      | Reached XP level 3. HP: 21/28 MP: 3/3
  1999 | D:2      | Gained mutation: When seriously injured, your blood forms
                  | armour. (AC +6) [demonic ancestry]
  1999 | D:2      | Reached XP level 4. HP: 34/34 MP: 4/4
  2325 | D:3      | Gained mutation: You regenerate health from kills. [demonic
                  | ancestry]
  2325 | D:3      | Reached XP level 5. HP: 23/41 MP: 5/5
  2612 | D:3      | Gained mutation: You regenerate a lot of health from kills.
                  | [demonic ancestry]
  2612 | D:3      | Reached XP level 6. HP: 9/47 MP: 6/6
  3089 | D:4      | Noticed an acid dragon
  3107 | D:4      | Killed an acid dragon
  3175 | D:4      | Noticed an ice beast
  3197 | D:4      | Slain by an ice beast

Illustrated notes

Levels and vault maps discovered:
D:1:      minmay_arrival_glassed_features, layout_basic,
          shapermc_ecumenical_altar_mp_highgroup, serial_forest,
          infiniplex_forest_lined_3_way, infiniplex_forest_diagonal,
          infiniplex_forest_side_room, infiniplex_forest_lined_corner,
          infiniplex_forest_end_1, minmay_hedge_maze, minmay_misc_feat_rows
D:2:      layout_basic
D:3:      minmay_diamond_boxcup, layout_loops_ring, minmay_bisected
D:4:      layout_rooms, minmay_temple_entry_junction, uniq_ijyb

Skill      XL: |  1  2  3  4  5  6 |
---------------+-------------------+-----
Throwing       | 2 3 |  3.7
Axes           | 3 4 |  4.2
Dodging        | 3 4 |  4.2
Fighting       | 3 4 |  4.0

Action                     |  1- 3 |  4- 6 || total
---------------------------+-------+-------++-------
  Melee: War axe           |    98 |   102 ||   200
         Headbutt          |    11 |    18 ||    29
         Punch             |       |     1 ||     1
  Throw: Dart              |     1 |     1 ||     2
         Javelin           |       |     4 ||     4
    Use: Scroll            |     6 |     6 ||    12
         Potion            |       |     2 ||     2
 Armour: Leather armour    |    28 |    27 ||    55
  Dodge: Dodged            |    77 |    91 ||   168
